 Dungeon Crawl Stone Soup version 0.29.0-13-gc9e81de378 (webtiles) character file.

Game seed: 5685204857011702072

17 enile the Cudgeller (level 2, -2/21 HPs)
             Began as an Octopode Wanderer on Sept 8, 2022.
             Slain by a kobold
             ... wielding a +0 whip
              (4 damage)
             ... on level 1 of the Dungeon.
             The game lasted 00:00:38 (755 turns).

enile the Cudgeller (Octopode Wanderer)              Turns: 755, Time: 00:00:38

Health: -2/21      AC:  1    Str: 15    XL:     2   Next: 62%
Magic:  3/3        EV: 12    Int: 11    God:
Gold:   38         SH:  0    Dex: 10    Spells: 3/3 levels left

rFire   . . .      SeeInvis .   a - +3 mace
rCold   . . .      Faith    .   (no shield)
rNeg    . . .      Spirit   .   (helmet restricted)
rPois   .          Reflect  .   (no amulet)
rElec   .          Harm     .   (no ring)
rCorr   .          Rampage  .   (no ring)
Will    .....                   (no ring)
Stlth   +++.......              (no ring)
HPRegen 0.07/turn               (no ring)
MPRegen 0.08/turn               (no ring)
                                (no ring)
                                (no ring)

@: invisible
A: almost no armour, amphibious, 8 rings, camouflage 1, gelatinous body 1,
(nimble swimmer 1), tentacles
a: no special abilities


You were on level 1 of the Dungeon.
You visited 1 branch of the dungeon, and saw 1 of its levels.

You collected 38 gold pieces.

Inventory:

Hand Weapons
 a - a +3 mace (weapon)
Wands
 b - a wand of flame (6) (quivered)
Scrolls
 d - a scroll of butterflies {unknown}
 f - a scroll of amnesia {unknown}
Potions
 c - a potion of berserk rage


   Skills:
 - Level 3.0 Fighting
 - Level 4.0 Maces & Flails
 + Level 1.5 Dodging
 - Level 2.0 Stealth
 - Level 1.0 Spellcasting
 - Level 2.1 Evocations


You had 3 spell levels left.
You didn't know any spells.
Your spell library was empty.

Dungeon Overview and Level Annotations

Branches:
Dungeon (1/15)

Altars:


Innate Abilities, Weirdness & Mutations

You cannot wear most types of armour.
You are amphibious.
You can wear up to eight rings at the same time.
Your skin changes colour to match your surroundings (Stealth+).
Your rubbery body absorbs attacks. (AC +1, EV +1)
((You are camouflaged when in or above water. (Stealth+)))
You have tentacles for arms and can constrict up to eight enemies at once.


Message History

You are too injured to fight recklessly!
You are too injured to fight recklessly!
You are too injured to fight recklessly!
You are too injured to fight recklessly!
You are too injured to fight recklessly!
You are too injured to fight recklessly!
You are too injured to fight recklessly!
You are too injured to fight recklessly!
You are too injured to fight recklessly!
You are too injured to fight recklessly!
You are too injured to fight recklessly!
You are too injured to fight recklessly!
You are too injured to fight recklessly!
You are too injured to fight recklessly!
The kobold attacks as you move away! The kobold hits you but does no damage.
The kobold attacks as you move away! The kobold barely misses you.
You closely miss the kobold. Your grab misses the kobold.
The kobold misses you.
You hit the kobold. You grab the kobold.
The kobold is severely wounded.
You constrict the kobold, but do no damage.
The kobold escapes!
You miss the kobold. Your grab misses the kobold.
The kobold is severely wounded.
The kobold throws a stone.
The stone barely misses you. The kobold barely misses you.
The kobold hits you but does no damage.
You sock the kobold!
You kill the kobold!
The kobold hits you with a +0 whip.
You hit the kobold. Your grab misses the kobold.
The kobold is moderately wounded.
The kobold hits you with a +0 whip.
* * * LOW HITPOINT WARNING * * *
It was a potion of invisibility.
You fade into invisibility!
The kobold barely misses you.
You miss the kobold. Your grab misses the kobold.
The kobold is moderately wounded.
The kobold hits you with a +0 whip.
You die...

##...# #.# ##### ...
.....### #.# #...# ....#.
#.#....###.###.#.#
##.#...##.#..............#
.............###....####.#
#.#...##....# #....####.# .
#...........# #..........
#.##.....#)...######.####..
.........K@.(.##.# #.......
#........###..##.###.#.....
.##.#.....................
...............###########.
#.##.........###...#....##.
#...#######...........##
#... ...#..<..#...# #...
##...###... ###. ##### ##..


You could see a kobold (unable to see you).

Vanquished Creatures
  A dart slug (D:1)
  3 endoplasms (D:1)
  A goblin (D:1)
  2 hobgoblins (D:1)
  3 kobolds (D:1)
  A ball python (D:1)
  A bat (D:1)
  3 rats (D:1)
15 creatures vanquished.

Notes
Turn   | Place    | Note
-------+----------+-------------------------------------------
     0 | D:1      | enile the Octopode Wanderer began the quest for the Orb.
     0 | D:1      | enile set off with the following items: a +3 mace, a wand
                  | of flame (6), a potion of berserk rage.
     0 | D:1      | Reached XP level 1. HP: 16/16 MP: 2/2
    92 | D:1      | Reached skill level 1 in Stealth
   415 | D:1      | Reached XP level 2. HP: 16/21 MP: 3/3
   620 | D:1      | Reached skill level 1 in Dodging
   755 | D:1      | Slain by a kobold

Illustrated notes

Levels and vault maps discovered:
D:1:      dpeg_chamrin_arrival_tetris, layout_basic, minmay_split_cup_small

Skill      XL: |  1  2 |
---------------+-------+-----
Stealth        | 2 |  2.0
Dodging        | 1 |  1.5
Fighting       | |  3.0
Maces & Flails | |  4.0
Spellcasting   | |  1.0
Evocations     | |  2.1

Action                   || total
-------------------------++-------
Melee: Mace              ||    28
       Constrict         ||     4
       Tentacles         ||     3
  Use: Potion            ||     1
 Stab: Sleeping          ||     1
Armor: Skin              ||     4
Dodge: Dodged            ||    16
